 Dungeon Crawl Stone Soup version 0.31-a0-234-gad7ace16ef (webtiles) character file.

Game seed: 6322080516484244635

136 qw the Shooter (level 5, -3/30 HPs)
             Began as a Gargoyle Hexslinger on July 9, 2023.
             Slain by an orc
             ... wielding a +0 flail
              (6 damage)
             ... on level 4 of the Dungeon.
             The game lasted 00:01:01 (1878 turns).

qw the Shooter (Gargoyle Hexslinger)                Turns: 1878, Time: 00:01:01

Health: -3/30      AC: 14    Str: 14    XL:     5   Next: 19%
Magic:  6/6        EV: 10    Int: 14    God:
Gold:   167        SH:  0    Dex: 14    Spells: 5/6 levels left

rFire   . . .        Y - +1 sling
rCold   . . .        (no shield)
rNeg    + . .        a - +0 ring mail "Xamoalang" {Str+3}
rPois   inf          e - +2 helmet
rElec   +            (no cloak)
rCorr   .            (no gloves)
SInv    .            h - +1 pair of boots
Will    .....        (no amulet)
Stlth   +            (no ring)
HPRegen 0.25/turn    (no ring)
MPRegen 0.10/turn

%: no passive effects
@: no status effects
A: sickness immunity, AC +4, negative energy resistance 1, electricity
resistance, torment resistance 1, petrification resistance
a: no special abilities


You were on level 4 of the Dungeon.
You visited 1 branch of the dungeon, and saw 4 of its levels.

You collected 167 gold pieces.


Innate Abilities, Weirdness & Mutations

You are immune to sickness and miasma.
Your stone body is resilient. (AC +4)
You are immune to poison.
You resist negative energy. (rN+)
You are resistant to electric shocks. (rElec)
You are resistant to unholy torment.
You are immune to petrification.


   Skills:
 - Level 2.0 Fighting
 + Level 4.8 Ranged Weapons
 - Level 1.0 Armour
 - Level 1.5 Dodging
 - Level 1.0 Spellcasting
 - Level 2.6 Hexes


You had 5 spell levels left.
You knew the following spells:

 Your Spells              Type           Power      Damage    Failure   Level
a - Slow                  Hex            32%        N/A       19%         1

Your spell library contained the following spells:

 Spells                   Type           Power      Damage    Failure   Level
 Inner Flame              Hex/Fire       4%         N/A       67%         3
 Portal Projectile        Hex/Tloc       8%         N/A       67%         3
 Cause Fear               Hex            4%         N/A       87%         4

Inventory:

Hand Weapons
 Y - a +1 sling (weapon)
Armour
 a - the +0 ring mail "Xamoalang" (worn) {Str+3}
   (You found it on level 2 of the Dungeon)

   Str:       It affects your strength (+3).
 e - a +2 helmet (worn)
 h - a +1 pair of boots (worn)
Jewellery
 i - a ring of fire
Scrolls
 b - a scroll of identify
 k - a scroll of revelation {unknown}
Potions
 c - a potion of cancellation
 d - 2 potions of curing
 f - a potion of enlightenment
 g - a potion of attraction {unknown}
 j - a potion of brilliance {unknown}
 l - a potion of might {unknown}
 m - a potion of heal wounds {unknown}

Dungeon Overview and Level Annotations

Branches:
Dungeon (4/15)
 Temple: D:4-7

Altars:


Message History

You shoot a sling bullet. The sling bullet barely misses the orc.
The orc closely misses you.
You shoot a sling bullet.
The sling bullet barely misses the orc priest.
The sling bullet hits the orc.
The orc is almost dead.
The orc hits you but does no damage. The orc hits you with a +0 flail.
The orc priest hits you with a +0 flail of protection.
The orc barely misses you.
You shoot a sling bullet.
The sling bullet closely misses the orc.
The orc priest barely misses you. The orc hits you but does no damage. x2
You shoot a sling bullet. The sling bullet hits the orc.
You kill the orc!
The orc priest hits you with a +0 flail of protection!
The orc barely misses you.
You shoot a sling bullet.
The sling bullet hits the orc priest but does no damage.
The orc priest barely misses you. The orc closely misses you.
You shoot a sling bullet. The sling bullet hits the orc priest.
The orc priest is moderately wounded.
The orc priest barely misses you. The orc barely misses you.
The orc closely misses you.
The orc priest hits you with a +0 flail of protection.
You shoot a sling bullet.
The sling bullet closely misses the orc priest.
The orc hits you with a +0 flail. The orc priest completely misses you.
You shoot a sling bullet.
The sling bullet closely misses the orc priest.
The orc priest hits you but does no damage.
The orc barely misses you.
You shoot a sling bullet.
The sling bullet closely misses the orc priest.
The orc priest misses you. The orc hits you but does no damage.
You shoot a sling bullet.
The sling bullet hits the orc priest but does no damage.
The orc priest is moderately wounded.
The orc priest hits you with a +0 flail of protection.
The orc hits you with a +0 flail.
You die...

##..#.###.#.....#
##...##...###...##
##....#.....#.###.#
###......#...#...#
.#
..'......#####...#
# #......#...#...#
##....#)....#.##
##...##...###..
##o@o##### ###
##)## #.# #.# #.#
... ... ...


You could see an orc priest and an orc.

Vanquished Creatures
  6 adders
  3 worms (D:3)
  A dart slug (D:2)
  3 orcs (D:4)
  7 endoplasms
  4 giant cockroaches
  10 goblins
  4 hobgoblins
  7 kobolds
  5 quokkas
  2 ball pythons (D:2)
  4 bats
  A frilled lizard (D:1)
  6 rats
63 creatures vanquished.

Notes
Turn   | Place    | Note
-------+----------+-------------------------------------------
     0 | D:1      | qw the Gargoyle Hexslinger began the quest for the Orb.
     0 | D:1      | Reached XP level 1. HP: 12/12 MP: 2/2
     0 | D:1      | 0 ||| qw: Version: 0.3-a-51-g015441d
     0 | D:1      | 0 ||| qw: Game counter: 4254
     0 | D:1      | 0 ||| qw: Melee chars always use a shield: true
     0 | D:1      | 0 ||| qw: God list: Okawaru
     0 | D:1      | 0 ||| qw: Allow faded altars: false
     0 | D:1      | 0 ||| qw: Do Orc after clearing Dungeon:15 true
     0 | D:1      | 0 ||| qw: Do second Lair branch before Depths: true
     0 | D:1      | 0 ||| qw: Lair rune preference: random
     0 | D:1      | 0 ||| qw: Goals: Normal
     0 | D:1      | 0 ||| PLANNING D:1-11
   113 | D:1      | Reached XP level 2. HP: 16/16 MP: 3/3
   145 | D:1      | Reached skill level 3 in Ranged Weapons
   314 | D:1      | Reached XP level 3. HP: 21/21 MP: 4/4
   396 | D:1      | Found a faded altar of an unknown god.
   480 | D:1      | 480 ||| UPGRADING to +0 helmet.
   485 | D:1      | 485 ||| READING scroll labelled YNWEJO DAGHA.
   486 | D:1      | 486 ||| DROPPING scroll of poison.
   527 | D:2      | Identified the +0 ring mail "Xamoalang" {Str+3}
   690 | D:2      | 690 ||| READING scroll of enchant armour.
   690 | D:2      | 690 ||| ENCHANTING +0 helmet.
  1087 | D:2      | 1087 ||| UPGRADING to +0 ring mail "Xamoalang" {Str+3}.
  1097 | D:2      | 1097 ||| DROPPING +0 robe.
  1098 | D:2      | 1098 ||| DROPPING ring of magical power.
  1099 | D:2      | 1099 ||| READING scroll labelled JYHI MOHUACVU.
  1100 | D:2      | 1100 ||| READING scroll labelled FETOVVAONN.
  1101 | D:2      | 1101 ||| READING scroll labelled RETYMO MUWK.
  1123 | D:3      | Reached skill level 4 in Ranged Weapons
  1123 | D:3      | Reached XP level 4. HP: 26/26 MP: 5/5
  1164 | D:3      | Reached skill level 1 in Armour
  1273 | D:3      | 1273 ||| READING scroll of enchant armour.
  1273 | D:3      | 1273 ||| ENCHANTING +1 helmet.
  1466 | D:3      | Reached XP level 5. HP: 30/30 MP: 6/6
  1712 | D:3      | 1712 ||| UPGRADING to +0 pair of boots.
  1717 | D:3      | 1717 ||| READING scroll of enchant armour.
  1717 | D:3      | 1717 ||| ENCHANTING +0 pair of boots.
  1718 | D:3      | 1718 ||| READING scroll labelled NARUOPRECOQ.
  1722 | D:3      | 1722 ||| READING 3 scrolls of identify.
  1722 | D:3      | 1722 ||| IDENTIFYING smoky inky potion
  1723 | D:3      | 1723 ||| READING 2 scrolls of identify.
  1723 | D:3      | 1723 ||| IDENTIFYING white potion
  1874 | D:4      | HP: 5/30 [orc priest/+0 flail of protection (4)]
  1878 | D:4      | Slain by an orc

Levels and vault maps discovered:
D:1:      dpeg_arrival_round_b, layout_rooms,
          chequers_ecumenical_altar_simple_redux
D:2:      layout_loops_ring, minmay_tetromino_l4
D:3:      layout_rooms, serial_park_tiny_1, minmay_pentomino_pile
D:4:      nicolae_cairo_tiling, layout_loops_corners,
          nicolae_shop_distant_corner_stores

Skill      XL: |  1  2  3  4 |
---------------+-------------+-----
Ranged Weapons | 3 4 |  4.8
Fighting       | 2 |  2.0
Armour         | 1 |  1.0
Dodging        | |  1.5
Spellcasting   | |  1.0
Hexes          | |  2.6

Action                     |  1- 3 |  4- 6 || total
---------------------------+-------+-------++-------
   Fire: Sling             |   122 |   126 ||   248
    Use: Scroll            |     5 |     5 ||    10
 Armour: Robe              |    22 |       ||    22
         Ring mail         |    18 |    38 ||    56
  Dodge: Dodged            |    29 |    59 ||    88

Table legend:
 A = Non-vault XP
 B = Vault XP
 C = Vault XP percentage of total XP
 D = Non-vault monster count
 E = Vault monster count
 F = Vault count percentage of total count
                 A         B        C        D         E       F
            +---------+---------+-------+---------+---------+-------
      Total |     173 |      22 |  11.3 |      58 |       5 |   7.9
            +---------+---------+-------+---------+---------+-------
        D:1 |      40 |       0 |   0.0 |      24 |       0 |   0.0
        D:2 |      39 |       2 |   4.9 |      14 |       1 |   6.7
        D:3 |      78 |      20 |  20.4 |      13 |       4 |  23.5
        D:4 |      16 |       0 |   0.0 |       7 |       0 |   0.0
            +---------+---------+-------+---------+---------+-------
